[Event "FRA-ch Teams Top 16-B 2022"]
[Site "Chartres"]
[Date "2022.06.15"]
[Round "7.8"]
[White "Guichard, Pauline"]
[Black "Navrotescu, Andreea"]
[Result "0-1"]
[ECO "D45"]
[WhiteElo "2377"]
[BlackElo "2318"]
[Annotator "TA"]
[PlyCount "80"]
[EventDate "2022.06.09"]
[EventType "team-tourn"]
[EventCountry "FRA"]
[SourceTitle "playchess.com"]
[Source "ChessBase"]
[SourceQuality "1"]
[TimeControl "40/5400+30:1800+30"]

1. d4 Nf6 2. c4 e6 3. Nf3 d5 4. Nc3 c6 5. e3 Nbd7 6. Be2 Bd6 7. O-O O-O 8. b3 b6 {[%emt 0:00:30] D45: Semi-Slav: 5 e3.} 9. Bb2 Bb7 10. Bd3 Qe7 {[%emt 0:02:32] The position is equal.} 11. Re1 c5 12. cxd5 exd5 13. Nb5 Bb8 14. Bf5 {[%emt 0:00:22] [#]} a6 $146 ({Predecessor:} 14... g6 15. Bh3 Ne4 16. dxc5 bxc5 17. Nc3 Ndf6 18. Qc2 Bd6 19. Rac1 Rad8 20. g3 Rfe8 {1-0 (99) Gumularz,S (2515)-Mendonca,L (2557) Paleochora 2021}) 15. Nc3 Re8 16. Rc1 Qd6 17. g3 Bc7 18. Re2 Rad8 19. Ba3 Qc6 20. Bh3 c4 21. Bg2 {[%emt 0:17:47] bxc4 is the strong threat.} b5 22. Nd2 Qb6 (22... Nb6 $1 $11 {keeps the balance.}) 23. bxc4 $1 $16 dxc4 24. Nxc4 bxc4 (24... Qa7 $16) 25. Rb2 $18 {[%emt 0:03:00][%mdl 64] Skewer, Deflection} Qa5 {[%emt 0:02:00] White must now prevent ...Bxg2.} 26. Rxb7 {[%emt 0:02:06] aiming for Bb4.} Bxg3 27. Bb4 {[%emt 0:05:41] A strong pair of Bishops.} (27. fxg3 $6 Qxa3 28. Qd2 Qa5 $14) 27... Bxf2+ 28. Kxf2 Qg5 29. Kg1 $2 (29. Qf3 $2 Rxe3 $3 30. Qd1 Rd3 $19) (29. Qd2 $1 $16 {is necessary to keep the advantage.}) 29... Qxe3+ $17 30. Kh1 {[%emt 0:00:05] [#] Hoping for Qg1.} Ng4 $1 31. Rc2 ({Avoid the trap} 31. Qxg4 $2 Qxc1+ 32. Nd1 Nf6 $19) ({But not} 31. Qf1 $2 Nf2+ 32. Kg1 Nd3+ 33. Kh1 Nf2+ 34. Kg1 Nd3+ 35. Kh1 Nf2+ $19) (31. Nd5 $17 Qh6 32. Qg1 Nxh2 33. Qxh2 (33. Ne7+ $2 Rxe7 34. Qxh2 Qxc1+ $19) 33... Qxc1+ 34. Qg1) 31... Qe1+ 32. Bf1 {[%emt 0:00:04] [#] Threatens to win with Qf3.} Nf2+ $1 33. Rxf2 Qxf2 34. Nd5 Ne5 $40 {[%emt 0:07:57][%mdl 128] ( -> ...Nf3). Black has strong attack.} 35. dxe5 {[%emt 0:07:16] [#]} (35. Ne7+ $17 {was worth a try.} Kh8 36. d5) 35... Rxd5 $1 $19 {[%emt 0:00:09][%mdl 512] The board is on fire.} 36. Qe2 Qf5 (36... Qxe2 $19 37. Bxe2 Rb5 38. Rxb5 axb5) 37. Bc3 $2 (37. e6 $11 fxe6 38. Bc3 (38. Qg2 $2 Qf6 $19)) 37... Rd3 {[%emt 0:01:14][%cal Bd5d3,Bd3d2,Bd2d1][%mdl 32] Black is clearly winning.} 38. Ba1 {[%emt 0:00:20][%cal Oe5e6] [#]} Rd2 $3 39. Qe1 (39. e6 Rxe2) 39... Qf3+ 40. Kg1 Rd1 {[%emt 0:01:00] Weighted Error Value: White=0.71/Black=0.15 (very precise)} 0-1

[Event "FRA-ch Teams Top 16-B 2022"]
[Site "Chartres"]
[Date "2022.06.15"]
[Round "7.9"]
[White "Vernay, Clovis"]
[Black "Kulaots, Kaido"]
[Result "1/2-1/2"]
[ECO "D70"]
[WhiteElo "2523"]
[BlackElo "2537"]
[Annotator "TA"]
[PlyCount "105"]
[EventDate "2022.06.09"]
[EventType "team-tourn"]
[EventCountry "FRA"]
[SourceTitle "playchess.com"]
[Source "ChessBase"]
[SourceQuality "1"]
[TimeControl "40/5400+30:1800+30"]

1. d4 Nf6 2. c4 g6 3. f3 d5 4. cxd5 Nxd5 5. e4 Nb6 6. Nc3 Bg7 7. Be3 O-O 8. Qd2 Nc6 9. O-O-O Qd6 {[%emt 0:01:38] D70: Grünfeld: Unusual White 3rd moves (met by ...d5).} 10. Kb1 Rd8 11. Nb5 Qd7 12. d5 a6 13. dxc6 (13. Nc3 {is more complex.} Na5 14. Bd4 Nbc4 15. Bxc4 Nxc4 16. Qc1) 13... Qxd2 14. Rxd2 Rxd2 15. Bxd2 axb5 16. cxb7 ({But not} 16. Bxb5 bxc6 17. Bxc6 Rb8 $15) 16... Bxb7 17. Bxb5 f5 18. exf5 {[%emt 0:01:07] [#]} gxf5 $146 (18... Bd5 $11 {was preferrable.}) ({Predecessor:} 18... Bd5 19. Ne2 {½-½ (19) Vidit,S (2625)-Fedoseev,V (2674) Moscow 2015}) 19. Ne2 $14 Bd5 20. Nc3 Bxc3 21. Bxc3 Bxa2+ 22. Kc2 {[%emt 0:00:04] Hoping for Bc6.} Bd5 {[%emt 0:00:11] Against Bc6} (22... Bc4 $5 23. Bc6 Rd8 $11) 23. Re1 Kf7 24. Bd3 {[%emt 0:00:34] This bishop pair is nice.} e6 25. g4 Na4 (25... Rg8 $11) 26. gxf5 $16 Nxc3 27. fxe6+ ({Much worse is} 27. bxc3 $6 Ra2+ 28. Kc1 Rxh2 $11) 27... Bxe6 {[%emt 0:00:10] And now ...Nd5 would win.} 28. Kxc3 {[%emt 0:00:15][%mdl 4096] Endgame KRB-KRB} Kf6 {[%emt 0:01:09] Prevents Re5.} 29. Re4 h6 30. b4 Ra1 (30... Ra3+ $14 31. Kd4 Bf5) 31. Kd4 Rd1 32. Ke3 Rh1 ({Better is} 32... Bf5 $14 33. Be2 (33. Rd4 Bxd3 34. Rxd3 Rh1 $16) 33... Rb1) 33. h4 Ra1 34. Rf4+ Ke5 35. Re4+ (35. Rf8 $5 Re1+ 36. Kf2 $14) 35... Kf6 $1 36. Kd4 Rd1 37. b5 (37. Rf4+ $14 Ke7 38. b5) 37... Bd7 (37... Bf5 $11 38. Re3 Be6) 38. Ke3 ({White should try} 38. Rf4+ $14 Ke7 39. Kc3) 38... Re1+ $1 $11 39. Kd4 ({White should play} 39. Kf4 $11 Rh1 40. Ke3) 39... Rd1 $14 40. Rf4+ Ke7 41. Kc3 Rc1+ 42. Kb4 Rh1 43. Bc4 Rh2 44. Kc5 {[%emt 0:00:11] Rf7+ is the strong threat.} Rh1 $2 (44... Be8 $16) 45. Rf7+ $18 Ke8 {[%emt 0:00:50] [#]} 46. Rh7 $1 {[%emt 0:09:08] aiming for b6.} Rxh4 {[%emt 0:03:44] [#]} 47. Bd5 $2 (47. Bf7+ $1 $18 Kd8 48. b6 cxb6+ 49. Kd6 Rd4+ 50. Bd5) 47... Rh1 48. Bc6 Rc1+ 49. Kd5 Rd1+ $1 50. Ke5 {[%emt 0:00:11] White wants to mate with Rxd7.} Re1+ $1 51. Kd5 (51. Be4 $5 ) 51... Rd1+ $1 52. Ke5 {[%emt 0:00:13] White threatens Rxd7 and mate.} Re1+ $1 53. Kd5 {[%emt 0:01:23] Weighted Error Value: White=0.29 (precise) /Black=0.30} (53. Be4 $5 ) 1/2-1/2

[Event "FRA-ch Teams Top 16-B 2022"]
[Site "Chartres"]
[Date "2022.06.15"]
[Round "7.10"]
[White "Neiksans, Arturs"]
[Black "Benitah, Yohan"]
[Result "1-0"]
[ECO "A57"]
[WhiteElo "2579"]
[BlackElo "2383"]
[Annotator "TA"]
[PlyCount "81"]
[EventDate "2022.06.09"]
[EventType "team-tourn"]
[EventCountry "FRA"]
[SourceTitle "playchess.com"]
[Source "ChessBase"]
[SourceQuality "1"]
[TimeControl "40/5400+30:1800+30"]

1. d4 Nf6 2. c4 c5 3. d5 b5 4. cxb5 a6 5. b6 d6 6. Nc3 Qxb6 7. e4 g6 8. Nf3 Bg4 9. Qa4+ Bd7 10. Qc2 {[%emt 0:00:24] A57: Benko/Volga Gambit.} Bg7 11. Nd2 O-O 12. Nc4 {[%emt 0:00:02] White is slightly better.} Qc7 13. Be2 Bb5 14. O-O Nbd7 15. Bd2 {[%emt 0:11:18] [#]} Bxc4 $146 ({Predecessor:} 15... Nb6 16. Nxb5 axb5 17. Na5 Nbxd5 18. exd5 Rxa5 19. Bxa5 Qxa5 20. Rfd1 Nd7 21. a4 bxa4 22. Rxa4 {1-0 (38) Roa Alonso,S (2454)-Esquivias Gomez,F (2015) San Sebastian 2010}) 16. Bxc4 Rfb8 17. Rab1 Qa7 18. b3 Ne5 19. Be2 $1 Ne8 20. Kh1 Nc7 21. a4 Rb7 22. f4 Nd7 23. Nd1 Rab8 (23... e6 $142) 24. Ne3 $16 Nb6 25. h4 e6 26. a5 {[%emt 0:09:45] White is more active.} Nd7 27. dxe6 Nxe6 28. Bc4 $1 Nd4 {[%emt 0:05:06] [#]} 29. Qd3 Nf6 {[%emt 0:00:39] [#]} 30. f5 (30. Nd5 $142 $1) 30... Nh5 (30... Kh8 $16 {might work better.}) 31. Ng4 ({Better is} 31. Be1 $18) 31... Be5 $2 {[%emt 0:01:51][%mdl 8192] This move loses the game for Black.} (31... gxf5 $16 {is more resistant.} 32. exf5 d5 33. Bxd5 Rd7) 32. Nxe5 $18 dxe5 33. Qe3 Rd8 (33... Nf4 $2 34. g3 Nc2 35. Qc3 $18) 34. Rf2 Qb8 (34... Nf4 $142 35. fxg6 hxg6) 35. Qg5 {[%emt 0:04:29] fxg6 is the strong threat.} Qd6 36. fxg6 hxg6 37. Rbf1 Rdd7 {[%emt 0:03:28] [#]} 38. Rf6 $1 Nxf6 (38... Qf8 39. Qxg6+) 39. Rxf6 Ne6 40. Bxe6 Qxd2 41. Rxg6+ {[%emt 0:30:19] Weighted Error Value: White=0.07 (flawless) /Black=0.51} 1-0

[Event "FRA-ch Teams Top 16-B 2022"]
[Site "Chartres"]
[Date "2022.06.15"]
[Round "7.11"]
[White "Crut, Aurelien"]
[Black "Heinz, Timothee"]
[Result "*"]
[ECO "B11"]
[WhiteElo "2355"]
[BlackElo "2381"]
[Annotator "TA"]
[PlyCount "23"]
[EventDate "2022.06.09"]
[EventType "team-tourn"]
[EventCountry "FRA"]
[SourceTitle "playchess.com"]
[Source "ChessBase"]
[SourceQuality "1"]
[TimeControl "40/5400+30:1800+30"]

1. e4 c6 2. Nc3 d5 3. Nf3 dxe4 4. Nxe4 Nf6 5. Qe2 Nxe4 6. Qxe4 Be6 {[%emt 0:00:24] B11: Caro-Kann: Two Knights Variation.} 7. b3 Nd7 8. Bb2 Nf6 9. Qe3 Nd5 {[%emt 0:02:17] [#]} 10. Qe4 $146 ({Predecessor:} 10. Qd4 Bf5 11. Rc1 e6 12. a3 Qb6 13. Be2 Bc5 14. Qh4 Be7 15. Qd4 Bc5 16. Qxg7 Bxf2+ 17. Kf1 O-O-O 18. Qxh8 Rxh8 19. Bxh8 {½-½ (59) Juhasz,B (2250)-Vujnovic,P (2129) Tornelo INT 2021}) 10... Nf6 11. Qe3 Nd5 12. Qe4 {[%emt 0:00:15] Weighted Error Value: White=0.15 (very precise) /Black=0.05 (flawless)} *

[Event "FRA-ch Teams Top 16-B 2022"]
[Site "Chartres"]
[Date "2022.06.15"]
[Round "7.12"]
[White "Godart, Francois"]
[Black "Marzolo, Cyril"]
[Result "1/2-1/2"]
[ECO "A62"]
[WhiteElo "2399"]
[BlackElo "2376"]
[Annotator "TA"]
[PlyCount "38"]
[EventDate "2022.06.09"]
[EventType "team-tourn"]
[EventCountry "FRA"]
[SourceTitle "playchess.com"]
[Source "ChessBase"]
[SourceQuality "1"]
[TimeControl "40/5400+30:1800+30"]

1. d4 Nf6 2. c4 e6 3. g3 c5 4. d5 exd5 5. cxd5 d6 6. Nc3 g6 7. Bg2 Bg7 8. Nf3 O-O 9. O-O Re8 10. Bf4 Bf5 $1 {[%emt 0:00:00][%mdl 4] outshines the older 10...a6. A62: Modern Benoni: Fianchetto Variation without early ...Nbd7.} 11. Nh4 Bg4 12. Qd2 b5 {[%emt 0:00:00] [#] A rather calm draw.} {Predecessor:} 13. Nxb5 $146 Rxe2 14. Qc1 Ne4 15. Bxe4 Rxe4 16. Nxd6 Rd4 17. Re1 Nd7 18. Bg5 Qb8 19. Be7 Rxd5 {0-1 (46) Adhiban,B (2639)-Harikrishna,P (2748) Douglas 2019} 1/2-1/2

[Event "FRA-ch Teams Top 16-B 2022"]
[Site "Chartres"]
[Date "2022.06.15"]
[Round "7.13"]
[White "Rouler, Charly"]
[Black "Dionisi, Thomas"]
[Result "0-1"]
[ECO "E32"]
[WhiteElo "2345"]
[BlackElo "2408"]
[Annotator "TA"]
[PlyCount "73"]
[EventDate "2022.06.09"]
[EventType "team-tourn"]
[EventCountry "FRA"]
[SourceTitle "playchess.com"]
[Source "ChessBase"]
[SourceQuality "1"]
[TimeControl "40/5400+30:1800+30"]

1. d4 Nf6 2. c4 e6 3. Nc3 Bb4 4. Qc2 O-O 5. a3 Bxc3+ 6. Qxc3 b6 7. Bg5 Bb7 8. e3 d6 9. f3 Nbd7 10. Bd3 c5 11. Ne2 cxd4 {[%emt 0:03:33] E32: Nimzo-Indian: Classical (4 Qc2): 4...0-0.} 12. exd4 Rc8 13. Qb3 d5 {[%emt 0:11:10] The position is equal.} 14. O-O dxc4 15. Bxc4 h6 16. Bh4 Qe7 17. Rfe1 {[%emt 0:00:00] [#]} g5 $146 ({Predecessor:} 17... Rfd8 18. Rad1 Nf8 19. Bd3 Bd5 {½-½ (19) Ghafari,R-Hjelm,N Sweden 1996}) 18. Bg3 Nh5 19. Bf2 Qd6 20. Nc3 Ndf6 21. Rac1 Nf4 22. h4 (22. Bf1 $11 {deserves consideration.}) 22... Kh8 (22... gxh4 $15 23. Nb5 Qb8 24. Bxh4 N6h5) 23. hxg5 (23. Bf1 $11) 23... Rg8 $1 $17 (23... hxg5 24. Bf1 $11) 24. Nb5 {[%emt 0:00:00] [#]} (24. Re5 $142) 24... Qe7 {[%emt 0:08:38] Black is more active.} (24... Qb8 $1 $17 25. gxf6 (25. Rc2 a6) 25... Nxg2) 25. gxf6 (25. Qe3 $1 $11 N6d5 26. Bxd5 Qxg5 27. g4 Rxc1 28. Rxc1 (28. Bxb7 $2 Rxe1+ 29. Qxe1 Nh3+ 30. Kg2 Nxf2 $19) 28... Bxd5 29. Rc7) 25... Rxg2+ $19 26. Kf1 Qxf6 27. Qe3 {[%emt 0:00:00] [#]} (27. Nxa7 Rh2 $1 28. Re5 Rh1+ 29. Bg1 Rg8 $19) 27... Rcg8 $1 28. Qe5 (28. Nxa7 $2 Nh3 29. Re2 Bxf3 $19) 28... Qxe5 $40 {[%emt 0:00:02][%mdl 128] White is in trouble. Really sharp!} 29. Rxe5 Nh3 $4 (29... Rh2 $19 {avoids the disaster.} 30. Ke1 Rgg2) 30. Rc2 $2 (30. Be3 $18 {aiming for Nd6.} Bxf3 31. Ke1) 30... Bxf3 (30... Rh2 $1 $11 {keeps the balance.}) 31. Ke1 $16 Rh2 32. Re3 (32. Nxa7 Rh1+ 33. Kd2 (33. Bf1 $2 Bg2 $19) 33... Rg2 $19) 32... Bh5 33. Bf1 ({Of course not} 33. Nxa7 $6 Nf4 $11) 33... Nf4 34. d5 {[%emt 0:01:22] Black must now prevent Re4.} ({But not} 34. Nxa7 $6 Ng2+ 35. Kd2 (35. Bxg2 Rgxg2 36. Kf1 Rg8 $15) 35... Nxe3 36. Kxe3 Rh1 $11) 34... Rh1 {[%emt 0:00:28] Threatens to win with ...Ng2+.} 35. Re5 $2 (35. Bg3 $14 Nxd5 36. Rb3) 35... Nd3+ $19 36. Kd2 Nxe5 37. Ke3 {[%emt 0:01:34] Weighted Error Value: White=0.63/Black=0.42} 0-1

[Event "FRA-ch Teams Top 16-B 2022"]
[Site "Chartres"]
[Date "2022.06.15"]
[Round "7.14"]
[White "Housieaux, David"]
[Black "Brailly-Vignal, Bastien"]
[Result "1-0"]
[ECO "A14"]
[WhiteElo "2412"]
[BlackElo "2372"]
[Annotator "TA"]
[PlyCount "95"]
[EventDate "2022.06.09"]
[EventType "team-tourn"]
[EventCountry "FRA"]
[SourceTitle "playchess.com"]
[Source "ChessBase"]
[SourceQuality "1"]
[TimeControl "40/5400+30:1800+30"]

1. Nf3 Nf6 2. c4 e6 3. g3 b6 4. Bg2 Bb7 5. O-O Be7 6. b3 O-O 7. Bb2 d5 8. e3 c5 9. Nc3 dxc4 10. bxc4 Nc6 11. Qe2 Qc8 {[%emt 0:11:37] A14: English Opening: 1...e6 with b3 by White.} 12. Rad1 Rd8 13. Ne1 Na5 {[%emt 1:02:59] The position is equal.} 14. f4 Bxg2 15. Nxg2 {[%emt 0:00:13] [#]} Ne8 $146 ({Predecessor:} 15... Qd7 16. d3 a6 17. a4 Rac8 18. g4 Rc6 19. g5 Ne8 20. Ne4 Nd6 21. Ng3 Nf5 {½-½ (30) Harika,D (2515)-Khademalsharieh,S (2450) Abu Dhabi 2016}) 16. g4 Nd6 17. d3 f5 (17... Nc6 $11) 18. g5 Bf8 19. Rf3 Rd7 20. Ba1 Qe8 21. Rh3 Rad8 22. Ne1 g6 23. Rg3 Bg7 24. Rc1 (24. Rb1 $1 $15 {was preferrable.}) 24... Nc6 (24... a6 $1 $17 25. Rh3 b5 26. cxb5 axb5) 25. h4 $15 a6 (25... Nb7 $15) 26. Na4 Bxa1 (26... Nb4 $5 27. Rg2 (27. Nxb6 Rb7 $15) 27... Bxa1 28. Rxa1 Nf7 $15) 27. Rxa1 Rb7 28. h5 Nb4 29. Nc3 e5 (29... gxh5 $11 {remains equal.} 30. Rh3 b5) 30. hxg6 $1 $16 exf4 31. gxh7+ Rxh7 32. exf4 {[%emt 0:00:03] Black must now prevent Qxe8+.} Re7 {[%emt 0:00:00][%mdl 8192] This move loses the game for Black.} (32... Qxe2 $14 33. Nxe2 Kg7) 33. Qf2 $18 Qh5 {[%emt 0:00:00] [#]} 34. a3 $1 Qh8 {[%emt 0:04:18] [#]} (34... Rh7 $2 35. Qg2 Nc6 36. Nd5 $18) 35. Rc1 $1 ({Inferior is} 35. axb4 Qxc3 36. Nc2 cxb4 37. Qxb6 (37. Rxa6 $2 b3 $19) 37... Rdd7 $11) 35... Rh7 (35... Rde8 $142 36. axb4 cxb4) 36. Qf3 Qd4+ 37. Kg2 Nxc4 {[%emt 0:01:36][%cal Od8e8] aiming for ...Re8!} 38. axb4 (38. dxc4 Qd2+ 39. Ne2 Na2 $18) 38... cxb4 (38... Re7 $142 39. Qf2 (39. dxc4 Qd2+ 40. Kf1 Qxc1 $18) 39... Ne3+ 40. Kg1 Ng4 41. Qxd4 Rxd4) 39. Ne2 Qh8 40. Rxc4 Rh2+ 41. Kg1 b3 42. Qe3 {[%emt 0:00:00] White threatens Qe6+ and mate.} Rh1+ 43. Kf2 {[%emt 0:00:00] White mates.} b2 44. Qe6+ Kf8 45. Rc7 Qh2+ 46. Ng2 Rf1+ 47. Kxf1 b1=Q+ 48. Kf2 {[%emt 0:00:00] Weighted Error Value: White=0.08 (flawless) /Black=0.66} 1-0

[Event "FRA-ch Teams Top 16-B 2022"]
[Site "Chartres"]
[Date "2022.06.15"]
[Round "7.15"]
[White "Buscara, Sevan"]
[Black "Chabanon, Jean-Luc"]
[Result "0-1"]
[ECO "A14"]
[WhiteElo "2385"]
[BlackElo "2432"]
[Annotator "TA"]
[PlyCount "68"]
[EventDate "2022.06.09"]
[EventType "team-tourn"]
[EventCountry "FRA"]
[SourceTitle "playchess.com"]
[Source "ChessBase"]
[SourceQuality "1"]
[TimeControl "40/5400+30:1800+30"]

1. Nf3 Nf6 2. c4 e6 3. g3 d5 4. Bg2 Be7 5. O-O O-O 6. b3 c5 7. cxd5 Nxd5 8. d4 Nc6 9. Bb2 cxd4 10. Nxd4 Nxd4 11. Qxd4 Bf6 {[%emt 0:01:51] A14: English Opening: 1...e6 with b3 by White.} 12. Qd2 Bxb2 13. Qxb2 Bd7 {[%emt 0:05:37] White is slightly better.} 14. Rd1 Bc6 15. Bxd5 exd5 16. Qd4 {[%emt 0:00:30] [#]} Qe7 $146 ({Predecessor:} 16... Re8 17. Nc3 Qe7 18. e3 Qe6 19. Rd2 a6 20. Ne2 Rad8 21. Rad1 h6 22. Qf4 g5 {0-1 (50) Claridge Hansen,W (2290)-Petrov,M (2520) Chess.com INT 2020}) 17. Nc3 a5 18. Rd3 b5 19. Rad1 (19. e3 $16) 19... b4 $14 20. Re3 (20. Nxd5 {feels hotter.} Bxd5 21. Qxd5 Qxe2 22. R1d2) 20... Qc7 21. Nb1 ({Wrong is} 21. Nxd5 $2 Bxd5 22. Qe5 (22. Qxd5 $2 Rad8 $19) 22... Qxe5 23. Rxe5 Be6 $19) 21... Bb7 22. Nd2 Qc2 23. Nf3 Qxa2 (23... Rfe8 $11 {keeps the balance.}) 24. Ne1 $2 ({White has to play} 24. Re7 $16) 24... a4 $1 $36 {[%emt 0:03:40][%mdl 2048] Black is pushing.} 25. Ra1 {[%emt 0:03:26][%mdl 64] Skewer, Trapped Piece} axb3 26. Rxa2 bxa2 27. Nc2 (27. Qa1 $11 Rfc8 28. f3) 27... Rfc8 $19 28. Na1 {[%emt 0:00:18] [#]} Rc1+ $1 29. Kg2 {[%emt 0:00:04] [#]} Rxa1 $1 30. Re7 Rg1+ 31. Kxg1 {[%emt 0:00:23] Qa1 is the strong threat.} a1=Q+ 32. Qxa1 Rxa1+ 33. Kg2 Bc6 {[%emt 0:00:22] Inhibits Re8+.} 34. Rc7 {[%emt 0:00:04] Rc8+ would kill now.} Be8 {[%emt 0:00:14] Weighted Error Value: White=0.58/Black=0.21 (precise)} 0-1

[Event "FRA-ch Teams Top 16-B 2022"]
[Site "Chartres"]
[Date "2022.06.15"]
[Round "7.16"]
[White "Monpeurt, Cyrielle"]
[Black "Djidjeli, Sarah"]
[Result "1-0"]
[ECO "B23"]
[WhiteElo "2172"]
[BlackElo "2040"]
[Annotator "NA RC"]
[PlyCount "63"]
[EventDate "2022.06.09"]
[EventType "team-tourn"]
[EventCountry "FRA"]
[SourceTitle "playchess.com"]
[Source "ChessBase"]
[SourceQuality "1"]
[TimeControl "40/5400+30:1800+30"]

1. e4 c5 2. Nc3 Nc6 3. Nge2 Nd4 4. d3 g6 5. Nxd4 cxd4 6. Ne2 Bg7 7. c3 dxc3 8. Nxc3 d6 9. Be3 Nf6 10. d4 a6 11. f3 e5 12. dxe5 dxe5 13. Qxd8+ Kxd8 14. O-O-O+ Ke8 15. Bc4 Bd7 16. Bg5 Bc6 17. Rd6 Ke7 18. Rhd1 Rac8 19. Bb3 h6 20. Be3 Nd7 21. Kb1 Rhd8 22. R6d2 f5 23. Bd5 Bxd5 24. Nxd5+ Ke8 25. Rd3 fxe4 26. fxe4 g5 27. Rb3 b5 28. Ra3 Rc4 29. Rxa6 Rxe4 30. Rf1 Nf8 31. Nc7+ Kd7 32. Rf7+ 1-0

[Event "FRA-ch Teams Top 16-B 2022"]
[Site "Chartres"]
[Date "2022.06.15"]
[Round "7.17"]
[White "Di Nicolantonio, Lucas"]
[Black "Fantinel, Thibault"]
[Result "1/2-1/2"]
[ECO "B30"]
[WhiteElo "2399"]
[BlackElo "2388"]
[Annotator "TA"]
[PlyCount "78"]
[EventDate "2022.06.09"]
[EventType "team-tourn"]
[EventCountry "FRA"]
[SourceTitle "playchess.com"]
[Source "ChessBase"]
[SourceQuality "1"]
[TimeControl "40/5400+30:1800+30"]

1. e4 c5 2. Nf3 Nc6 3. Bc4 e6 4. O-O Nf6 5. Re1 Nxe4 6. Rxe4 {[%emt 0:00:04] B30: Sicilian: 2...Nc6 3 Bb5, lines without ...g6.} d5 {[%emt 0:00:04] [#]} 7. Bxd5 Qxd5 8. Nc3 Qf5 9. d4 cxd4 10. Nxd4 Nxd4 11. Rxd4 {[%emt 0:03:37] [#] Rd8+ is the strong threat.} Be7 {[%emt 0:00:10] Against Rd8+} 12. Be3 O-O {[%emt 0:01:05] [#]} 13. Rf4 $146 ({Predecessor:} 13. Qe2 Bf6 14. Rf4 Qg6 15. Rg4 Qf5 16. Ne4 e5 17. h3 Kh8 18. Ng3 Qe6 19. Nh5 {½-½ (42) Adhiban,B (2648)-Sethuraman,S (2619) chess24.com INT 2022}) 13... Qe5 14. Qf3 Qc7 15. Rd4 Bf6 16. Rd3 Bd7 17. Bf4 Qc8 18. Qg3 Bc6 {[%emt 0:03:21] Prevents Ne4.} 19. Be5 Bxe5 20. Qxe5 Rd8 21. Rad1 Rxd3 22. Rxd3 Qf8 23. Qd4 Qe7 24. h3 h6 (24... Qg5 {keeps more tension.} 25. Qg4 Qe5 26. Qd1 h6) 25. a3 a6 26. b4 Rc8 27. Rg3 {[%emt 0:03:06][%csl Gg3][%cal Rd4g7] The position is equal.} g6 28. Qe5 Qc7 29. Qf6 Rd8 30. h4 {[%emt 0:00:55] And now h5 would win.} h5 31. Rd3 Rxd3 (31... Rd7 {is interesting.} 32. f3 Qb6+ 33. Kh2 Rxd3 34. cxd3 a5) 32. cxd3 $11 {[%emt 0:00:04][%mdl 4096] Endgame KQB-KQN} e5 33. d4 exd4 34. Qxd4 Qe7 35. f3 Qe1+ 36. Kh2 Qa1 37. Qd8+ Kg7 38. Qd4+ Kg8 39. Qd8+ Kg7 {[%emt 0:00:03] An even fight not without its subleties.  Weighted Error Value: White=0.03 (flawless) /Black=0.03 (flawless)} 1/2-1/2

[Event "FRA-ch Teams Top 16-B 2022"]
[Site "Chartres"]
[Date "2022.06.15"]
[Round "7.18"]
[White "Kirk, Ezra"]
[Black "Duboue, Peio"]
[Result "1/2-1/2"]
[ECO "C54"]
[WhiteElo "2446"]
[BlackElo "2426"]
[Annotator "TA"]
[PlyCount "104"]
[EventDate "2022.06.09"]
[EventType "team-tourn"]
[EventCountry "FRA"]
[SourceTitle "playchess.com"]
[Source "ChessBase"]
[SourceQuality "1"]
[TimeControl "40/5400+30:1800+30"]

1. e4 e5 2. Nf3 Nc6 3. Bc4 Nf6 4. d3 Bc5 5. c3 d6 6. O-O O-O 7. Bb3 a6 8. Re1 Ba7 9. h3 Be6 10. Nbd2 Re8 11. Nf1 h6 12. Bxe6 {[%emt 0:08:01] C54: Giuoco Piano: 4 c3 Nf6, main lines with 5 d4 and 5 d3.} Rxe6 13. Qb3 Rb8 {[%emt 0:06:16] [#]} 14. Ng3 $146 ({Predecessor:} 14. Be3 Bxe3 15. Nxe3 Nh7 16. Nd5 Rg6 17. Kh1 Ne7 18. Nh4 Re6 19. Nxe7+ Qxe7 20. Nf5 {1-0 (51) Svetushkin,D (2461)-Matisson,J Internet 2001}) 14... Qd7 (14... d5 {feels hotter.} 15. Nf5 Qd7 16. Bd2 b5) 15. Be3 (15. Bd2 {is interesting.} b5 16. Nf5 d5 17. Qc2) 15... Bxe3 16. Rxe3 Ne7 17. d4 {[%emt 0:04:43] [#] Black must now prevent d5.} Ng6 18. Rd1 Qb5 19. Qc2 Nf4 ({Black should try} 19... Ree8 $14) 20. d5 (20. c4 $16 Qa5 21. c5) 20... Ree8 $11 21. c4 Qc5 22. Rb1 a5 23. a3 Qa7 24. Nf5 Kh7 25. Rc3 Nd7 26. g3 Nh5 ({But not} 26... Nxh3+ 27. Kg2 $16) 27. b4 g6 28. Ne3 axb4 29. axb4 b6 {[%emt 0:00:19] Against c5} 30. Qc1 {[%emt 0:04:12] [#] Hoping for Ng4.} Nhf6 31. Ra3 Qb7 32. Nd2 Ra8 33. Rba1 Kg7 34. Kg2 Rec8 35. Qb2 Kf8 36. f3 Rcb8 37. Nb1 Rxa3 38. Nxa3 Ra8 39. Nb5 {[%emt 0:00:08] Rxa8+ is the strong threat.} Ne8 40. Ra3 Rxa3 41. Qxa3 Nb8 42. Na7 {[%emt 0:00:00] White is much more active. The black rooks are badly placed.} Qa8 43. Qa4 Nd7 44. Nd1 ({Reject} 44. Qxd7 Qxa7 45. Ng4 Qa2+ 46. Nf2 Qxc4 $17) 44... Ndf6 45. Nc3 Ng8 46. Qa6 Qd8 47. Qa1 Qg5 {[%emt 0:01:19] Prevents Qc1.} 48. Qe1 {[%emt 0:07:58] Against Qd2+} f5 49. h4 Qf6 50. Nc6 Ne7 51. Nb8 {[%emt 0:00:00] Strongly threatening Nd7+.} Kg7 52. Qf2 g5 {[%emt 0:17:39] Weighted Error Value: White=0.08 (flawless) /Black=0.07 (flawless)} 1/2-1/2